 Dungeon Crawl Stone Soup version 0.25-a0-663-gace7076f2c (webtiles) character file.

Game seed: 4187803849581527576, levelgen mode: deterministic

110 MachJacob the Chopper (level 4, -5/38 HPs)
             Began as a Draconian Berserker on Mar 25, 2020.
             Was a Believer of Trog.
             Killed by divine providence
             ... invoked by an orc priest
              (16 damage)
             ... on level 3 of the Dungeon.
             The game lasted 00:14:17 (3097 turns).

MachJacob the Chopper (Draconian Berserker)         Turns: 3097, Time: 00:14:18

Health: -5/38      AC:  5    Str: 20    XL:     4   Next: 61%
Magic:  4/4        EV: 12    Int:  7    God:    Trog [**....]
Gold:   161        SH:  0    Dex: 11    Spells: 3/3 levels left

rFire    . . .     SeeInvis .   a - +0 hand axe
rCold    . . .     Gourm    .   (no shield)
rNeg     . . .     Faith    .   (armour unavailable)
rPois    .         Spirit   .   (helmet restricted)
rElec    .         Reflect  .   (no cloak)
rCorr    .         Harm     .   (no gloves)
MR       .....                  (no boots)
Stlth    +.........             (no amulet)
HPRegen  0.12/turn              (no ring)
MPRegen  0.09/turn              (no ring)

@: no status effects
A: unfitting armour, cold-blooded, AC +5
a: Berserk, Trog's Hand, Renounce Religion


You were on level 3 of the Dungeon.
You worshipped Trog.
Trog was pleased with you.
You were not hungry.

You visited 1 branch of the dungeon, and saw 4 of its levels.

You collected 161 gold pieces.

Inventory:

Hand Weapons
 a - a +0 hand axe (weapon)
Missiles
 c - 110 stones (quivered)
 f - 33 sling bullets
Jewellery
 l - an uncursed amulet of magic regeneration
   (You found it on level 1 of the Dungeon)
Wands
 q - a wand of random effects (5)
   (You took it off Ijyb on level 1 of the Dungeon)
Scrolls
 b - a scroll of enchant weapon {unknown}
 d - a scroll of fear {unknown}
 i - a scroll of remove curse {unknown}
 j - a scroll of enchant armour {unknown}
 m - a scroll of teleportation {unknown}
 n - a scroll of magic mapping {unknown}
Potions
 g - a potion of curing {@q1}
 h - 2 potions of might {unknown}
 k - a potion of mutation {!q}
 o - a potion of resistance
 p - 2 potions of stabbing
Comestibles
 e - 5 rations {!d}


   Skills:
 - Level 3.2 Fighting
 * Level 5.4 Axes
 - Level 2.6 Dodging


You had 3 spell levels left.
You didn't know any spells.
Your spell library was empty.

Dungeon Overview and Level Annotations

Branches:
Dungeon (4/15)
 Temple: D:4-7

Altars:


Innate Abilities, Weirdness & Mutations

Your plain brown scales are hard. (AC +5)
You cannot fit into any form of body armour.
You are cold-blooded and may be slowed by cold attacks.


Message History

Found a whip.
An orc wizard is nearby!
Throwing (i - inventory)
c - 114 stones (quivered)
Aim: an orc wizard, wielding a +0 dagger and wearing a +0 robe (translocational energy)
You throw a stone. The stone hits the orc wizard.
An orc priest comes into view. It is wielding a +0 flail.
The orc wizard points at you and mumbles some strange words.
The puff of flame hits you!
Throwing (i - inventory)
c - 113 stones (quivered)
Aim: an orc wizard, wielding a +0 dagger and wearing a +0 robe (lightly wounded)
You throw a stone. The stone hits the orc wizard.
You see here a glowing scale mail.
You completely miss the orc wizard. The orc wizard casts a spell at you.
The puff of flame hits you!
You closely miss the orc wizard.
The orc wizard hits you but does no damage.
You hit the orc wizard but do no damage.
The orc wizard hits you but does no damage.
You hit the orc wizard.
The orc wizard hits you with a +0 dagger.
You barely miss the orc wizard. You hit the orc wizard.
The orc wizard hits you but does no damage.
The orc wizard mumbles some strange words.
The orc wizard flickers and vanishes!
Deactivating autopickup; reactivate with Ctrl-A.
There is a stone staircase leading up, spattered with blood here.
The orc wizard mumbles some strange words.
The orc wizard blinks!
You start resting.
There are monsters nearby!
Throwing (i - inventory)
c - 112 stones (quivered)
Aim: an orc wizard, wielding a +1 vampiric dagger and wearing a +0 robe (lightly wounded)
You throw a stone. The stone barely misses the orc wizard.
The orc priest looks braver for a moment.
Throwing (i - inventory)
c - 111 stones (quivered)
Aim: an orc wizard, wielding a +1 vampiric dagger and wearing a +0 robe (lightly wounded)
You throw a stone.
The stone closely misses the orc wizard.
The orc priest mumbles some strange prayers to Beogh against you.
Beogh smites you!
* * * LOW HITPOINT WARNING * * *
You hear a shout!
The orc wizard casts a spell.
The orc wizard blinks!
Something hits you but does no damage.
The orc priest invokes the aid of Beogh against you.
Beogh smites you!
You die...

#........#.#
###.####.#.# #.
#.#.# ###.###.#.#
#......(...#
....###o### .#
#.#########
#.#o((o...#
########.#[#####@#
#.......o..# #.#
#.######.### #.#
#.# #.# #<# #.#
#.# #!# #.# #.#
#.# #.# ##.## #.#
#.#####...## #.#
...........# ##.##


You could see an orc priest and an orc wizard.

Vanquished Creatures
  Ijyb (D:1)
  4 adders
  A dart slug (D:1)
  An orc (D:3)
  3 giant cockroaches (D:1)
  3 hobgoblins
  2 quokkas
  6 bats
  3 frilled lizards (D:2)
  11 goblins
  7 kobolds
  6 rats
48 creatures vanquished.

Notes
Turn   | Place    | Note
-------+----------+-------------------------------------------
     0 | D:1      | MachJacob the Draconian Berserker began the quest for the
                  | Orb.
     0 | D:1      | Reached XP level 1. HP: 19/19 MP: 1/1
   663 | D:1      | Reached XP level 2. HP: 26/26 MP: 2/2
  1346 | D:1      | Reached skill level 4 in Axes
  1472 | D:2      | Reached ** piety under Trog
  1509 | D:2      | Reached XP level 3. HP: 31/31 MP: 3/3
  2175 | D:2      | Noticed Ijyb
  2314 | D:1      | Killed Ijyb
  2314 | D:1      | Reached skill level 5 in Axes
  2314 | D:1      | Reached XP level 4. HP: 24/38 MP: 4/4
  2915 | D:3      | You fall into a shaft and drop 1 floor!
  3097 | D:3      | Killed from afar by an orc priest

Levels and vault maps discovered:
D:1:      roderic_crop_circles_arrival_small, layout_loops_ring,
          minmay_crystal_room
D:2:      kennysheep_the_goblin_king, layout_rooms, hex_large,
          kennysheep_generic_room_8
D:3:      layout_loops_ring, serial_park_tiny_2, grunt_ministairs_10
D:4:      layout_loops_corners, serial_shops, shop_fountains, uniq_eustachio,
          uniq_crazy_yiuf_cottage

Skill      XL: |  1  2  3 |
---------------+----------+-----
Axes           | 4 5 |  5.4
Fighting       | |  3.2
Dodging        | |  2.6

Action                   |  1- 3 |  4- 6 || total
-------------------------+-------+-------++-------
Melee: Hand axe          |   148 |    33 ||   181
       Tailslap          |    22 |       ||    22
Throw: Stone             |    78 |    22 ||   100
  Use: Scroll            |     1 |     4 ||     5
  Eat: Chunk             |     4 |     3 ||     7
Armor: Skin              |    39 |     8 ||    47
Dodge: Dodged            |   102 |    20 ||   122

Table legend:
 A = Non-vault XP
 B = Vault XP
 C = Vault XP percentage of total XP
 D = Non-vault monster count
 E = Vault monster count
 F = Vault count percentage of total count
                 A         B        C        D         E       F
            +---------+---------+-------+---------+---------+-------
      Total |     109 |      49 |  31.0 |      39 |       9 |  18.8
            +---------+---------+-------+---------+---------+-------
        D:1 |      41 |      38 |  48.1 |      18 |       2 |  10.0
        D:2 |      35 |      11 |  23.9 |      16 |       7 |  30.4
        D:3 |      33 |       0 |   0.0 |       5 |       0 |   0.0
            +---------+---------+-------+---------+---------+-------
